cohdb
Replays
Latest Replays
All Replays
Popular Replays
Top Player Replays
Match Explorer
How It Works
Community
CoH3 Stats
Reddit
Sign in to upload your games and track your stats! →
Sign in with Steam
Match 41879767
Unlisted
Match 41879767
Overview
Messages
Build Orders
End
Pioneer Squad
Construct Infanterie Kompanie
Selects Terror Battlegroup
Selects Machine Gun Camouflage
MG 42 Machine Gun Team
MG 42 Machine Gun Team
Grenadier Squad
Grenadier Squad
Infanterie Officer Quarters
Medical Bunker
Construct Panzergrenadier Kompanie
Pak 40 Anti-tank Gun Team
Panzergrenadier Squad
Support Elements
Grenadier Squad
Nebelwerfer 42 Rocket Launcher Team
Selects Defend the Fatherland
StuG III G Assault Gun
Panzergrenadier Officer Quarters
Nebelwerfer 42 Rocket Launcher Team
Side Skirts
Selects King Tiger Heavy Tank
King Tiger Heavy Tank
Nedish
KusseKarl
Zulu
JT
[82AD] PaulVmax
Hevsik
Computer - Hard
FloppyBob
0
0
Comments
sign in to comment!
No comments posted yet!